 Dungeon Crawl Stone Soup version 0.22.1-6-g1668fe2c40 (webtiles) character file.

7472 Rediskos the Thaumaturge (level 11, -5/81 HPs)
             Began as a Gnoll Wizard on Jan 17, 2019.
             Was a Follower of Ashenzari.
             Slain by a wolf spider (18 damage)
             ... on level 10 of the Dungeon.
             The game lasted 01:02:46 (17635 turns).

Rediskos the Thaumaturge (Gnoll Wizard)            Turns: 17635, Time: 01:02:47

Health: -5/81      AC:  6    Str:  9    XL:     11   Next: 15%
Magic:  3/24       EV: 19    Int: 23    God:    Ashenzari [*.....]
Gold:   6          SH:  0    Dex: 15    Spells: 5/28 levels left

rFire    + . .     SeeInvis .   a - +0 spear
rCold    . . .     Gourm    .   (no shield)
rNeg     + . .     Faith    .   j - +1 robe {MR+}
rPois    +         Spirit   .   N - +0 hat
rElec    .         Reflect  .   d - +0 cloak
rCorr    .         Harm     .   (no gloves)
MR       +....                  v - +0 pair of boots
Stlth    ++++......             R - macabre finger necklace {rN+} (curse)
HPRegen  1.23/turn              E - ring of poison resistance (curse)
MPRegen  0.19/turn              I - +2 ring of evasion (curse)
                                K - ring of protection from fire (curse)

@: lethally poisoned (-5 -> -6), regenerating
A: distributed training, fangs 1, strong nose
a: Curse Item, Scrying, Renounce Religion


You were on level 10 of the Dungeon.
You worshipped Ashenzari.
Ashenzari was aware of your devotion.
You were not hungry.

You visited 2 branches of the dungeon, and saw 11 of its levels.
You also visited: Sewer and Ossuary.

You collected 566 gold pieces.
You spent 560 gold pieces at shops.

Inventory:

Hand Weapons
 a - a +0 spear (weapon)
 b - a +0 hunting sling
Missiles
 O - 31 sling bullets
Armour
 d - a +0 cloak (worn)
 j - a +1 robe of magic resistance (worn)
 l - a +0 robe
 v - a +0 pair of boots (worn)
 D - the +1 chain mail "Jobaocuk" {*Slow MP+9 Str+2}
   (You found it in an ossuary)

   It affects your strength (+2).
   It affects your magic capacity (+9).
   It may slow you when you take damage.
 H - a +1 leather armour of poison resistance
 N - a +0 hat (worn)
Jewellery
 q - an uncursed amulet of faith
 E - a cursed ring of poison resistance (left hand)
 I - a cursed +2 ring of evasion (right hand)
 K - a cursed ring of protection from fire (on amulet)
 L - an uncursed ring of protection from cold
 P - an uncursed ring of see invisible
 R - the cursed macabre finger necklace (around neck) {rN+}
   (You bought it in a shop on level 9 of the Dungeon)

   [amulet of nothing]

   It protects you from negative energy.
   It has a curse placed upon it.
Wands
 F - a wand of digging (16)
 M - a wand of paralysis (9)
Scrolls
 c - a scroll of fog
 f - 10 scrolls of teleportation
 m - 7 scrolls of remove curse
 p - 3 scrolls of immolation {unknown}
 r - a scroll of enchant weapon {unknown}
 t - a scroll of fear {unknown}
 u - 2 scrolls of magic mapping {unknown}
 w - 3 scrolls of enchant armour {unknown}
 y - a scroll of blinking
 C - a scroll of torment {unknown}
 G - a scroll of amnesia
 J - a scroll of vulnerability {unknown}
 Q - a scroll of identify
Potions
 g - 6 potions of flight
 h - 8 potions of lignification
 i - a potion of haste {unknown}
 k - 2 potions of curing
 n - 2 potions of resistance {unknown}
 o - 3 potions of ambrosia
 s - 3 potions of degeneration
 x - 3 potions of brilliance {unknown}
 z - a potion of heal wounds {unknown}
 A - 3 potions of mutation {unknown}
 B - 6 potions of invisibility
Comestibles
 e - 16 rations


   Skills:
 + Level 5.9 Fighting
 + Level 5.9 Short Blades
 + Level 5.9 Long Blades
 + Level 5.9 Axes
 + Level 5.9 Maces & Flails
 + Level 5.9 Polearms
 + Level 5.9 Staves
 + Level 5.9 Slings
 + Level 5.9 Bows
 + Level 5.9 Crossbows
 + Level 5.9 Throwing
 + Level 5.9 Armour
 + Level 7.5 Dodging
 + Level 7.3 Stealth
 + Level 5.9 Shields
 + Level 5.9 Unarmed Combat
 + Level 9.3 Spellcasting
 + Level 5.4 Conjurations
 + Level 4.9 Hexes
 + Level 4.9 Charms
 + Level 5.4 Summonings
 + Level 4.9 Necromancy
 + Level 5.4 Translocations
 + Level 4.9 Transmutations
 + Level 4.9 Fire Magic
 + Level 4.9 Ice Magic
 + Level 4.9 Air Magic
 + Level 4.9 Earth Magic
 + Level 4.9 Poison Magic
 + Level 6.5 Invocations
 + Level 5.9 Evocations


You had 5 spell levels left.
You knew the following spells:

 Your Spells              Type           Power        Failure   Level  Hunger
a - Shock                 Conj/Air       ####         1%          1    None
b - Blink                 Tloc           N/A          1%          2    None
c - Magic Dart            Conj           ####         1%          1    None
d - Conjure Flame         Conj/Fire      ####....     2%          3    None
e - Cause Fear            Hex            ####......   8%          4    ##.....
q - Mephitic Cloud        Conj/Pois/Air  ####....     2%          3    None
s - Call Imp              Summ           #####...     1%          2    None
w - Airstrike             Air            ####......   8%          4    ##.....
z - Regeneration          Chrm/Necr      ####......   2%          3    None

Your spell library contained the following spells:

 Spells                   Type           Power        Failure   Level  Hunger
 Animate Skeleton         Necr           N/A          1%          1    None
 Pain                     Necr           ####         1%          1    None
 Slow                     Hex            ####....     1%          2    None
 Swiftness                Chrm/Air       ####....     1%          2    None
 Static Discharge         Conj/Air       ####....     2%          3    None
 Vampiric Draining        Necr           ####......   2%          3    None
 Animate Dead             Necr           N/A          8%          4    ##.....
 Lightning Bolt           Conj/Air       ####......   21%         5    ####...
 Silence                  Hex/Air        ####......   22%         5    ####...
 Yara's Violent Unravell  Hex/Tmut       ####......   22%         5    ####...
 Deflect Missiles         Chrm/Air       ####......   77%         6    ######.
 Discord                  Hex            ####......   100%        8    #######


Dungeon Overview and Level Annotations

Branches:
Dungeon (10/15)            Temple (1/1) D:4             Orc (0/2) D:9
   Lair: D:8-11

Altars:
Ashenzari
Cheibriados
Elyvilon
Gozag
Hepliaklqana
Kikubaaqudgha
Makhleb
Nemelex Xobeh
Okawaru
Qazlal
Ru
Sif Muna
Trog
Uskayaw
Vehumet
Wu Jian
Xom
Yredelemnul
Zin
The Shining One

Shops:
D:5 :   D:9 =


Innate Abilities, Weirdness & Mutations

Your experience applies equally to all skills.
You have very sharp teeth.
Your uncanny sense of smell can sniff out nearby items.


Message History

The wolf spider is severely wounded.
You feel sick. The wolf spider closely misses you.
The wolf spider completely misses you. The wolf spider hits you!
* * * LOW HITPOINT WARNING * * *
The wolf spider bites you but does no damage.
Casting: Shock (safe; 1% risk of failure)
Confirm with . or Enter, or press ? or * to list all spells.
Aiming: Airstrike (safe; 8% risk of failure)
Press: ? - help, Dir - move target cursor, f/p - wolf spider
Aim: a wolf spider (severely wounded)
The air twists around and strikes the wolf spider!
The wolf spider is almost dead.
* * * LOW HITPOINT WARNING * * *
You feel sick.
The wolf spider completely misses you. x2
Casting: Airstrike (safe; 8% risk of failure)
Confirm with . or Enter, or press ? or * to list all spells.
Your skin crawls.
You feel sick. The wolf spider hits you.
* * * LOW HITPOINT WARNING * * *
The wolf spider closely misses you. The wolf spider hits you!!
You die...

######## ##### #......# #....
######## #......# #.... #......#
#......#######....
#......###...........###...
#....(.....)...............
########........@................
.......'........s%...............
###.####...........#####.........
###....####........'.............
##.......##........#...#######...
##..........####...#...#... #...
##.......[..####...........###...
##..........#####.....)..........
###'#.......#####................


You could see a wolf spider.

Vanquished Creatures
  A two-headed ogre (D:9)
  A deep elf mage (D:10)
  Joseph (D:10)
  A troll (D:9)
  A hippogriff (D:9)
  Grum (D:8)
  3 yaks (D:10)
  2 hungry ghosts
  A water moccasin (D:10)
  3 ice beasts
  4 orc warriors (D:9)
  A black bear (D:6)
  A sky beast (D:9)
  4 wolves (D:8)
  A necrophage (D:10)
  A phantom (D:6)
  2 ogres (D:9)
  2 centaurs
  A crocodile (D:10)
  7 bullfrogs
  3 big kobolds
  2 elf zombies (D:7)
  An elf skeleton (D:7)
  A water moccasin zombie (Ossuary)
  A wyvern skeleton (D:8)
  A scorpion (D:10)
  5 howler monkeys
  5 crimson imps
  3 hounds
  3 bullfrog skeletons
  2 jellies (D:8)
  3 orc priests
  7 orc wizards
  A bullfrog zombie (D:7)
  A centaur skeleton (D:7)
  4 worker ants
  A big kobold zombie (Ossuary)
  3 hound skeletons
  A mummy (Ossuary)
  2 worker ant zombies
  A howler monkey zombie (D:7)
  A gnoll (D:2)
  14 adders
  2 howler monkey skeletons
  2 river rats (D:6)
  A shadow imp (D:8)
  3 adder zombies (Ossuary)
  2 worms (D:2)
  A dart slug (D:4)
  3 leopard geckos
  18 orcs
  6 giant cockroaches
  2 gnoll zombies (Ossuary)
  8 goblins
  6 hobgoblins
  2 quokkas
  4 bats
  5 frilled lizards
  3 hobgoblin zombies (Ossuary)
  A jackal skeleton (D:5)
  23 kobolds
  3 kobold zombies (Ossuary)
  3 orc skeletons (D:7)
  4 orc zombies (Ossuary)
  8 rats
215 creatures vanquished.

Vanquished Creatures (collateral kills)
  Prince Ribbit (D:5)
  Sigmund (D:2)
  Menkaure (D:5)
  A water moccasin (D:10)
  Duvessa (D:5)
  Purgy (Sewer)
  A black bear (D:8)
  An orc warrior (D:7)
  An ogre (D:9)
  2 bullfrogs (D:6)
  Dowan (D:5)
  A scorpion (D:4)
  A howler monkey (D:6)
  4 hounds
  An orc priest (D:3)
  An orc wizard (D:9)
  A bullfrog skeleton (D:10)
  An iguana (D:6)
  A mummy (Ossuary)
  A howler monkey zombie (D:10)
  3 gnolls
  2 adders
  2 adder zombies (Ossuary)
  4 worms
  18 orcs
  4 gnoll zombies
  2 goblins
  2 hobgoblins (D:2)
  A ball python (D:6)
  A bat (D:3)
  A frilled lizard (D:2)
  2 hobgoblin zombies (Ossuary)
  A jackal skeleton (D:4)
  A kobold (D:3)
  3 kobold zombies (Ossuary)
  A rat (D:2)
72 creatures vanquished.

Grand Total: 287 creatures vanquished

Notes
Turn   | Place    | Note
-------+----------+-------------------------------------------
     0 | D:1      | Rediskos the Gnoll Wizard began the quest for the Orb.
     0 | D:1      | Reached XP level 1. HP: 13/13 MP: 8/8
   306 | D:1      | Reached XP level 2. HP: 19/19 MP: 7/10
   310 | D:1      | Learned a level 2 spell: Blink
   313 | D:1      | Learned a level 2 spell: Call Imp
   897 | D:2      | Noticed Sigmund
   921 | D:2      | Killed Sigmund
   921 | D:2      | Reached skill level 1 in Fighting
   921 | D:2      | Reached skill level 1 in Short Blades
   921 | D:2      | Reached skill level 1 in Long Blades
   921 | D:2      | Reached skill level 1 in Axes
   921 | D:2      | Reached skill level 1 in Maces & Flails
   921 | D:2      | Reached skill level 1 in Polearms
   921 | D:2      | Reached skill level 1 in Staves
   921 | D:2      | Reached skill level 1 in Slings
   921 | D:2      | Reached skill level 1 in Bows
   921 | D:2      | Reached skill level 1 in Crossbows
   921 | D:2      | Reached skill level 1 in Throwing
   921 | D:2      | Reached skill level 1 in Armour
   921 | D:2      | Reached skill level 1 in Shields
   921 | D:2      | Reached skill level 1 in Unarmed Combat
   921 | D:2      | Reached skill level 1 in Hexes
   921 | D:2      | Reached skill level 1 in Charms
   921 | D:2      | Reached skill level 1 in Necromancy
   921 | D:2      | Reached skill level 1 in Transmutations
   921 | D:2      | Reached skill level 1 in Fire Magic
   921 | D:2      | Reached skill level 1 in Ice Magic
   921 | D:2      | Reached skill level 1 in Air Magic
   921 | D:2      | Reached skill level 1 in Earth Magic
   921 | D:2      | Reached skill level 1 in Poison Magic
   921 | D:2      | Reached skill level 1 in Invocations
   921 | D:2      | Reached skill level 1 in Evocations
   921 | D:2      | Reached XP level 3. HP: 26/26 MP: 4/11
   921 | D:2      | Reached XP level 4. HP: 32/32 MP: 4/13
   928 | D:2      | Learned a level 3 spell: Conjure Flame
   932 | D:2      | Learned a level 3 spell: Mephitic Cloud
  1214 | D:2      | Reached XP level 5. HP: 37/37 MP: 5/14
  2691 | D:3      | Reached XP level 6. HP: 15/44 MP: 2/16
  3157 | D:3      | Found a burning altar of Makhleb.
  3276 | D:3      | Found an iron altar of Okawaru.
  3334 | D:3      | Found a radiant altar of Vehumet.
  3343 | D:3      | Found a sparkling altar of Nemelex Xobeh.
  3344 | D:3      | Found a glowing silver altar of Zin.
  3344 | D:3      | Found a snail-covered altar of Cheibriados.
  3345 | D:3      | Found an ancient bone altar of Kikubaaqudgha.
  3346 | D:3      | Found an ornate altar of the Wu Jian Council.
  4027 | D:4      | Reached skill level 5 in Dodging
  4450 | D:4      | Found a staircase to the Ecumenical Temple.
  4498 | Temple   | Entered the Ecumenical Temple
  4586 | Temple   | Became a worshipper of Ashenzari the Shackled
  5280 | D:5      | Entered Level 5 of the Dungeon
  5394 | D:5      | Noticed Prince Ribbit
  5403 | D:5      | Killed Prince Ribbit
  5403 | D:5      | Reached XP level 7. HP: 42/51 MP: 9/18
  5667 | D:5      | Noticed Menkaure
  5683 | D:5      | Killed Menkaure
  5771 | D:5      | Found Axo Cuse's Book Boutique.
  5776 | D:5      | Learned a level 1 spell: Shock
  5898 | D:5      | Noticed Duvessa
  5898 | D:5      | Noticed Dowan
  6154 | D:5      | Killed Duvessa
  6154 | D:5      | Reached skill level 5 in Stealth
  6156 | D:5      | Killed Dowan
  6366 | D:5      | Learned a level 3 spell: Regeneration
  6665 | D:6      | Reached XP level 8. HP: 25/57 MP: 14/19
  6810 | D:6      | Found a glowing drain.
  6849 | Sewer    | Entered a sewer
  6913 | Sewer    | Noticed Purgy
  6939 | Sewer    | Killed Purgy
  7966 | D:6      | Found a basalt altar of Yredelemnul.
  8032 | D:6      | Reached skill level 8 in Spellcasting
  8430 | D:6      | Reached XP level 9. HP: 65/65 MP: 13/21
  8472 | D:7      | Reached * piety under Ashenzari
  8567 | D:7      | Found a sand-covered staircase.
  8593 | Ossuary  | Entered an ossuary
  9159 | Ossuary  | Got the uncursed chain mail "Jobaocuk" {*Slow MP+9 Str+2}
 10825 | D:8      | Noticed Grum
 10841 | D:8      | Killed Grum
 10841 | D:8      | Reached skill level 5 in Invocations
 10947 | D:8      | Found a deep blue altar of Sif Muna.
 11320 | D:8      | Reached XP level 10. HP: 73/73 MP: 13/22
 11363 | D:8      | Learned a level 4 spell: Airstrike
 11533 | D:9      | Found Wudet's Jewellery Shoppe.
 11589 | D:9      | Noticed a two-headed ogre
 11611 | D:9      | Killed a two-headed ogre
 11611 | D:9      | Reached skill level 5 in Fighting
 11611 | D:9      | Reached skill level 5 in Short Blades
 11611 | D:9      | Reached skill level 5 in Long Blades
 11611 | D:9      | Reached skill level 5 in Axes
 11611 | D:9      | Reached skill level 5 in Maces & Flails
 11611 | D:9      | Reached skill level 5 in Polearms
 11611 | D:9      | Reached skill level 5 in Staves
 11611 | D:9      | Reached skill level 5 in Slings
 11611 | D:9      | Reached skill level 5 in Bows
 11611 | D:9      | Reached skill level 5 in Crossbows
 11611 | D:9      | Reached skill level 5 in Throwing
 11611 | D:9      | Reached skill level 5 in Armour
 11611 | D:9      | Reached skill level 5 in Shields
 11611 | D:9      | Reached skill level 5 in Unarmed Combat
 11611 | D:9      | Reached skill level 5 in Evocations
 12010 | D:9      | Learned a level 4 spell: Cause Fear
 12585 | D:9      | Found a deep blue altar of Sif Muna.
 12589 | D:9      | Found a hazy altar of Hepliaklqana.
 12589 | D:9      | Found a glowing golden altar of the Shining One.
 12590 | D:9      | Found a shimmering altar of Xom.
 13057 | D:9      | Found a staircase to the Orcish Mines.
 13407 | D:9      | Reached skill level 9 in Spellcasting
 13708 | D:9      | Found a sacrificial altar of Ru.
 13879 | D:9      | Reached skill level 5 in Conjurations
 13879 | D:9      | Reached skill level 5 in Summonings
 13879 | D:9      | Reached skill level 5 in Translocations
 13963 | D:10     | Entered Level 10 of the Dungeon
 13973 | D:10     | Noticed a deep elf mage
 14256 | D:10     | Noticed a two-headed ogre
 14456 | D:10     | Noticed Joseph
 15326 | D:10     | Killed Joseph
 15563 | D:10     | Killed a deep elf mage
 15790 | D:10     | Reached XP level 11. HP: 81/81 MP: 2/24
 16928 | D:9      | Bought the macabre finger necklace {rN+} for 560 gold
                  | pieces
 16928 | D:9      | Found the macabre finger necklace {rN+}
 17199 | D:10     | Noticed a cyclops
 17622 | D:10     | Noticed a wolf spider
 17635 | D:10     | Slain by a wolf spider

Skill      XL: |  1  2  3  4  5  6  7  8  9 10 |
---------------+-------------------------------+-----
Conjurations   | 2 3 4 5 |  5.4
Summonings     | 2 3 4 5 |  5.4
Translocations | 2 3 4 5 |  5.4
Fighting       | 1 2 3 4 5 |  5.9
Short Blades   | 1 2 3 4 5 |  5.9
Long Blades    | 1 2 3 4 5 |  5.9
Axes           | 1 2 3 4 5 |  5.9
Maces & Flails | 1 2 3 4 5 |  5.9
Polearms       | 1 2 3 4 5 |  5.9
Staves         | 1 2 3 4 5 |  5.9
Slings         | 1 2 3 4 5 |  5.9
Bows           | 1 2 3 4 5 |  5.9
Crossbows      | 1 2 3 4 5 |  5.9
Throwing       | 1 2 3 4 5 |  5.9
Armour         | 1 2 3 4 5 |  5.9
Shields        | 1 2 3 4 5 |  5.9
Unarmed Combat | 1 2 3 4 5 |  5.9
Hexes          | 1 2 3 4 |  4.9
Charms         | 1 2 3 4 |  4.9
Necromancy     | 1 2 3 4 |  4.9
Transmutations | 1 2 3 4 |  4.9
Fire Magic     | 1 2 3 4 |  4.9
Ice Magic      | 1 2 3 4 |  4.9
Air Magic      | 1 2 3 4 |  4.9
Earth Magic    | 1 2 3 4 |  4.9
Poison Magic   | 1 2 3 4 |  4.9
Invocations    | 1 2 3 4 5 6 |  6.5
Evocations     | 1 2 3 4 5 |  5.9
Dodging        | 5 6 7 |  7.5
Stealth        | 5 6 7 |  7.3
Spellcasting   | 8 9 |  9.3

Action                   |  1- 3 |  4- 6 |  7- 9 | 10-12 || total
-------------------------+-------+-------+-------+-------++-------
Melee: Spear             |       |    17 |   156 |    92 ||   265
       Unarmed           |       |     1 |       |       ||     1
       Bite              |       |       |    15 |     4 ||    19
       Punch             |       |       |       |     2 ||     2
 Cast: Magic Dart        |    32 |   150 |    19 |       ||   201
       Call Imp          |     5 |    35 |    93 |    40 ||   173
       Conjure Flame     |       |     6 |     9 |    13 ||    28
       Blink             |       |     3 |     3 |     4 ||    10
       Mephitic Cloud    |       |     3 |     5 |    16 ||    24
       Shock             |       |       |   279 |   168 ||   447
       Regeneration      |       |       |     2 |     4 ||     6
       Airstrike         |       |       |       |    60 ||    60
       Cause Fear        |       |       |       |     7 ||     7
Invok: Curse Item        |       |       |     1 |     3 ||     4
       Scrying           |       |       |       |     3 ||     3
Evoke: Wand              |       |       |     2 |       ||     2
  Use: Scroll            |       |     9 |     4 |     5 ||    18
       Potion            |       |       |       |     1 ||     1
 Stab: Distracted        |       |       |     4 |     1 ||     5
       Sleeping          |       |       |     6 |       ||     6
       Confused          |       |       |     2 |       ||     2
  Eat: Chunk             |       |    13 |    10 |    10 ||    33
       Ration            |       |       |     2 |     4 ||     6
Armor: Robe              |     3 |    18 |    27 |    22 ||    70
Dodge: Dodged            |     2 |    80 |   180 |   111 ||   373
